 Dungeon Crawl Stone Soup version 0.20-a0-433-g9e36e56 (webtiles) character file.

132 Kriby the Skirmisher (level 4, -2/38 HPs)
             Began as a Mummy Fighter on Jan 4, 2017.
             Was an Initiate of Gozag.
             Slain by a gnoll
             ... wielding a +0 halberd
              (5 damage)
             ... on level 2 of the Dungeon.
             The game lasted 00:02:11 (2389 turns).

Kriby the Skirmisher (Mummy Fighter)                Turns: 2389, Time: 00:02:12

Health: -2/38      AC:  7    Str: 19    XL:     4   Next: 92%
Magic:  0/4        EV:  7    Int:  8    God:    Gozag
Gold:   126        SH:  8    Dex:  6    Spells: 3/3 levels left

rFire  x . .     SeeInvis .     a - +0 war axe
rCold  + . .     Gourm    .     b - +0 scale mail
rNeg   + + +     Faith    .     c - +0 shield
rPois  ∞         Spirit   +     l - +0 helmet
rElec  .         Reflect  .     (no cloak)
rCorr  .         Harm     .     (no gloves)
MR     .....                    (no boots)
Stlth  ..........               h - amulet of guardian spirit
                                (no ring)
                                g - -5 ring of dexterity (curse)

@: gold aura
A: no food or potions, fire vulnerability, cold resistance 1, negative energy
resistance 3, torment resistance, unbreathing
a: Potion Petition, Call Merchant, Bribe Branch, Renounce Religion


You were on level 2 of the Dungeon.
You worshipped Gozag.
Gozag was aware of your devotion.
You were not hungry.

You visited 1 branch of the dungeon, and saw 3 of its levels.

You collected 155 gold pieces.
You paid 29 gold pieces to Gozag.

Inventory:

Hand Weapons
 a - a +0 war axe (weapon)
Armour
 b - a +0 scale mail (worn)
 c - a +0 shield (worn)
 l - a +0 helmet (worn)
Jewellery
 g - a cursed -5 ring of dexterity (left hand)
 h - an amulet of guardian spirit (around neck)
 j - an uncursed amulet of magic regeneration
Scrolls
 d - 2 scrolls of teleportation
 e - a scroll of identify
 f - a scroll of remove curse {unknown}


   Skills:
 * Level 4.9 Fighting
 + Level 2.7 Axes
 - Level 2.4 Armour
 - Level 2.4 Shields


You had 3 spell levels left.
You didn't know any spells.

Dungeon Overview and Level Annotations

Branches:
Dungeon (3/15)

Altars:
Elyvilon
Gozag
Hepliaklqana
Makhleb
Sif Muna
The Shining One


Innate Abilities, Weirdness & Mutations

You do not eat or drink.
Your flesh is vulnerable to fire.
You are immune to poison.
Your flesh is cold resistant. (rC+)
You are immune to negative energy. (rN+++)
You are immune to unholy pain and torment.
You can survive without breathing.


Message History

You closely miss the orc.
The orc is moderately wounded.
The gnoll closely misses you. The orc hits you with a hand axe.
* * * LOW HITPOINT WARNING * * *
You closely miss the orc.
The orc is moderately wounded.
You block the orc's attack. The gnoll barely misses you.
You block the orc's attack.
The gnoll is distracted by the nearby gold.
The gnoll shouts!
You barely miss the gnoll.
The gnoll is no longer distracted by gold.
Your shield and scale mail prevent you from hitting the orc.
The orc hits you but does no damage. The gnoll barely misses you.
You block the orc's attack. The gnoll closely misses you.
You hit the gnoll but do no damage. You slash the orc!
You kill the orc!
The gnoll hits you with a halberd!
You die...
Your body crumbles into a pile of gold.

.....######.###.####
#<.....# ##. .....#
#........# #)######
## .....# #.###.##.#
#.# # .....# #.#
#!##.# #.# # .....#
#.# #.##.#
#.########## ######
#.# #.##.#
#........... #.#
#.##.# ############
#.# #.##.###### #
#.# #$@g.....(# #
### #$##)####.# #
#.##.# #.# # #.##.#
#.# # #.##.# #)# #
#.##.# #.# # #.##.#
#.# #
####.####.#########
#.g.....g.......


You could see a gnoll.

Vanquished Creatures
  Terence (D:2)
  3 gnolls (D:2)
  An adder (D:2)
  3 dart slugs (D:1)
  3 leopard geckos
  4 orcs (D:2)
  4 bats
  3 giant cockroaches
  9 goblins (D:2)
  A hobgoblin (D:2)
  5 jackals (D:2)
  8 kobolds
  A ball python (D:1)
  4 frilled lizards (D:1)
  5 rats
55 creatures vanquished.

Notes
Turn   | Place    | Note
-------+----------+-------------------------------------------
     0 | D:1      | Kriby the Mummy Fighter began the quest for the Orb.
     0 | D:1      | Reached XP level 1. HP: 18/18 MP: 1/1
   164 | D:1      | Reached XP level 2. HP: 24/24 MP: 2/2
   814 | D:2      | Reached XP level 3. HP: 30/30 MP: 3/3
   974 | D:2      | Found a white marble altar of Elyvilon.
   978 | D:2      | Found a deep blue altar of Sif Muna.
  1065 | D:2      | Noticed Terence
  1074 | D:2      | Killed Terence
  1074 | D:2      | Reached skill level 4 in Fighting
  1182 | D:2      | Found a glowing golden altar of the Shining One.
  1183 | D:2      | Found a burning altar of Makhleb.
  1231 | D:2      | Found a hazy altar of Hepliaklqana.
  1344 | D:2      | Reached XP level 4. HP: 32/37 MP: 4/4
  1555 | D:2      | Found an opulent altar of Gozag.
  1777 | D:2      | Became a worshipper of Gozag Ym Sagoz the Greedy
  2389 | D:2      | Slain by a gnoll

Vault maps used:
D:1:      evilmike_arrival_crescent
D:2:      old_standard_altar, nicolae_overflow_hidden_temple,
          lemuel_coloured_pillars_altar, uniq_terence
D:3:      minmay_goblin_kobold_castle, nicolae_dithmenos_shadow_blocks

Skill      XL: |  1  2  3 |
---------------+----------+-----
Axes           | 2 |  2.7
Fighting       | 4 |  4.9
Armour         | |  2.4
Shields        | |  2.4

Action                   |  1- 3 |  4- 6 || total
-------------------------+-------+-------++-------
Melee: War axe           |   129 |    92 ||   221
  Use: Scroll            |     4 |       ||     4
Armor: Scale mail        |    56 |    40 ||    96
Dodge: Dodged            |    54 |    40 ||    94
Block: Shield            |    67 |    57 ||   124
